cohdb
Replays
Latest Replays
All Replays
Popular Replays
Top Player Replays
Match Explorer
How It Works
Community
CoH3 Stats
Reddit
Sign in to upload your games and track your stats! →
Sign in with Steam
Match 42819034
Unlisted
Match 42819034
Overview
Messages
Build Orders
End
Construct Barracks
Riflemen Squad
Selects Armored Battlegroup
Riflemen Squad
Selects Veteran Crews
M1 Mortar Team
Grenade Package
Riflemen Squad
Infantry Support Center
Construct Weapon Support Center
M3 Armored Personnel Carrier
Selects Field Repairs
Selects Fast Deploy
Riflemen Squad
Riflemen Squad
Engineer Squad
Construct Tank Depot
.30 cal Machine Gun
Selects Seek and Destroy
Selects Seek and Destroy
Selects UNKNOWN (2160077)
M4A3E8 Sherman Easy Eight
Selects War Machine
M1 Mortar Team
M4A3E8 Sherman Easy Eight
M4A3E8 Sherman Easy Eight
Engineer Squad
M4A3E8 Sherman Easy Eight
Field Repairs
.30 cal Machine Gun
M3 Armored Personnel Carrier
M4A3E8 Sherman Easy Eight
Engineer Squad
Engineer Squad
Engineer Squad
M4A3E8 Sherman Easy Eight
メ hd_389
Tok3n x Operator
Soapp5
stock726
你人还怪好嘞
CHINOOOK
ECejaO
抖音-疾风
0
0
Comments
sign in to comment!
No comments posted yet!